[Event "ICC Open 2015"]
[Site "Internet Chess Club"]
[Date "2015.05.30"]
[Round "6"]
[White "PITCHUS"]
[Black "Mythrill"]
[Result "1-0"]
[ICCResult "Black forfeits on time"]
[WhiteElo "1873"]
[BlackElo "952"]
[Opening "Réti opening"]
[ECO "A04"]
[NIC "QP.10"]
[Time "15:03:52"]
[TimeControl "180+0"]

1. Nf3 c5 2. g3 e6 3. Bg2 Nc6 4. O-O Qc7 5. c4 Nf6 6. Nc3 Be7 7. d3 O-O 8.
Nb5 Qb6 9. a4 a6 10. Nc3 Qc7 11. Bf4 Qd8 12. Ne5 Nxe5 13. Bxe5 Ne8 14. Qb3
Bf6 15. Bf4 d6 16. Ne4 Be7 17. Rfd1 Nf6 18. d4 cxd4 19. Rxd4 e5 20. Bxe5
Nxe4 21. Bxe4 Qc7 22. Bf4 Be6 23. Rc1 Qc5 24. Rd3 b6 25. Bxa8
{Black forfeits on time}
1-0

[Event "ICC Open 2015"]
[Site "Internet Chess Club"]
[Date "2015.05.30"]
[Round "6"]
[White "tristanfran"]
[Black "MasterZachary"]
[Result "0-1"]
[ICCResult "White checkmated"]
[WhiteElo "1855"]
[BlackElo "2209"]
[Opening "King's pawn opening"]
[ECO "B07"]
[NIC "VO.17"]
[Time "15:02:49"]
[TimeControl "180+0"]

1. e4 d6 2. Nf3 Nf6 3. Nc3 Bg4 4. Be2 Nc6 5. O-O e5 6. h3 Bxf3 7. Bxf3 Nd4
8. d3 Be7 9. Be3 Nxf3+ 10. Qxf3 O-O 11. Qe2 d5 12. exd5 Nxd5 13. Nxd5 Qxd5
14. f4 Rfe8 15. fxe5 Qxe5 16. Qf2 Bf6 17. Bc1 Qd5 18. Kh1 Kh8 19. Bf4 Bxb2
20. Rab1 Bd4 21. Qg3 c5 22. Rfe1 Qc6 23. Be5 Bxe5 24. Rxe5 Rxe5 25. Qxe5 Re8
26. Qf5 b6 27. Qxf7 h6 28. Rf1 Re2 29. Qf8+ Kh7 30. Qf5+ Qg6 31. Qxg6+ Kxg6
32. Rc1 Kf6 33. Kg1 Ke5 34. Kf1 Rd2 35. Re1+ Kd6 36. Rc1 Kd5 37. Kg1 Kd4 38.
Rf1 Rxc2 39. Rf7 Rxa2 40. Rxg7 Kxd3 41. Rh7 c4 42. Rxh6 c3 43. Rc6 c2 44. h4
Ra1+ 45. Kh2 c1=Q 46. Rd6+ Ke4 47. Re6+ Kf5 48. Re8 Qf4+ 49. g3 Qf2+ 50. Kh3
Rh1# {White checkmated} 0-1

[Event "ICC Open 2015"]
[Site "Internet Chess Club"]
[Date "2015.05.30"]
[Round "6"]
[White "putki"]
[Black "TudoracheM"]
[Result "0-1"]
[ICCResult "White resigns"]
[WhiteElo "1327"]
[BlackElo "1823"]
[Opening "Sicilian: Sveshnikov variation"]
[ECO "B33"]
[NIC "SI.38"]
[Time "15:03:44"]
[TimeControl "180+0"]

1. e4 c5 2. d4 cxd4 3. Nf3 Nc6 4. Nxd4 Nf6 5. Nc3 e5 6. Ndb5 d6 7. Bg5 a6 8.
Bxf6 gxf6 9. Na3 b5 10. Nd5 f5 11. f3 fxe4 12. fxe4 Qh4+ 13. Ke2 Qxe4+ 14.
Kf2 Qf5+ 15. Ke1 Ra7 16. Qf3 Qxf3 17. gxf3 Bg7 18. c3 Be6 19. Nb4 Nxb4 20.
cxb4 O-O 21. Nc2 d5 22. Ne3 d4 23. Ng4 Bxg4 24. fxg4 e4 25. Bh3 Bf6 26. Rg1
Bg5 27. Rc1 Bxc1 28. Kd1 Bxb2 29. Kc2 Bc3 30. Rd1 Rc7 31. g5 Bxb4+ 32. Kb3
Bc3 33. Rxd4 Bxd4 34. a3 a5 35. Bf5 Rb8 36. Ka2 b4 37. Bxe4 b3+ 38. Kb1 Re7
39. g6 Rxe4 40. h4 fxg6 41. h5 Re2 {White resigns} 0-1

[Event "ICC Open 2015"]
[Site "Internet Chess Club"]
[Date "2015.05.30"]
[Round "6"]
[White "cap78red"]
[Black "Govindan"]
[Result "0-1"]
[ICCResult "White forfeits on time"]
[WhiteElo "1367"]
[BlackElo "1546"]
[Opening "English opening"]
[ECO "A10"]
[NIC "EO.64"]
[Time "15:02:37"]
[TimeControl "180+0"]

1. c4 d6 2. Nc3 Nf6 3. e4 g6 4. d3 Bg7 5. f4 O-O 6. Nf3 Nc6 7. Be2 e5 8. O-O
Nd4 9. fxe5 Nxf3+ 10. Bxf3 dxe5 11. Bg5 h6 12. Bxf6 Bxf6 13. Nd5 Bg7 14. Qd2
c6 15. Ne3 Be6 16. Bg4 Qd7 17. Bxe6 Qxe6 18. Qe2 Rad8 19. Rad1 Rd4 20. Qg4
Qd6 21. Qe2 Rd8 22. Nc2 Rxd3 23. Rxd3 Qxd3 24. Qxd3 Rxd3 25. Rf2 Rd1+ 26.
Rf1 Rd2 27. Rf2 Rd3 28. Re2 f6 29. Kf2 Kf7 30. Nb4 Rd7 31. a3 Bf8 32. Na2
Rd4 33. b3 Rd3 34. Nb4 Rxb3 35. Rd2 Ke7 36. Nd3 b6 37. a4 Ra3 38. Nb2 Rc3
39. Ke2 Rb3 40. Rc2 Kd6 41. Nd1 Kc5 42. Ne3 Rb4 43. Ng4 Rxc4 44. Rxc4+ Kxc4
45. Nxf6 Kb4 46. Nd7 Be7 47. Nxe5 Kxa4 48. Nxc6 Bd6 49. Nxa7 b5 50. Nc8 Bc5
{White forfeits on time}
0-1

[Event "ICC Open 2015"]
[Site "Internet Chess Club"]
[Date "2015.05.30"]
[Round "6"]
[White "waynerooney"]
[Black "gmgattass"]
[Result "0-1"]
[ICCResult "White forfeits on time"]
[WhiteElo "1973"]
[BlackElo "2334"]
[Opening "Sicilian: closed"]
[ECO "B23"]
[NIC "SI.44"]
[Time "15:03:25"]
[TimeControl "180+0"]

1. e4 c5 2. Nc3 d6 3. f4 Nc6 4. Nf3 g6 5. Bb5 Bg7 6. Bxc6+ bxc6 7. O-O f5 8.
d3 d5 9. exf5 Bxf5 10. Ne5 Qd6 11. Re1 Nf6 12. Kh1 O-O 13. Qf3 Nd7 14. Nxd7
Bxd7 15. Bd2 e5 16. g3 Rf7 17. Rf1 Raf8 18. fxe5 Bxe5 19. Qg2 c4 20. Rxf7
Rxf7 21. Rf1 cxd3 22. cxd3 Bf5 23. Qf3 Be6 24. Qg2 Rxf1+ 25. Qxf1 Qb4 26.
Ne4 Qxb2 27. Bh6 Bf5 28. g4 Bxe4+ 29. dxe4 Bg7 30. Bxg7 Kxg7 31. exd5 cxd5
32. Qd3 Qa1+ 33. Kg2 Qe5 34. Kh3 h5 35. gxh5 Qxh5+ 36. Kg2 Qg4+ 37. Kh1 Qe4+
38. Qxe4 dxe4 39. Kg2 Kf6 40. Kf2 Kf5 41. Ke3 g5 42. a4 a5 43. h3 Ke5 44.
Ke2 Kf4 45. Kd2 Kg3 46. Ke3 Kxh3 47. Kxe4 g4 48. Ke3 Kh2 49. Kf2 g3+
{White forfeits on time}
0-1

[Event "ICC Open 2015"]
[Site "Internet Chess Club"]
[Date "2015.05.30"]
[Round "6"]
[White "klodshans"]
[Black "capaldi"]
[Result "1-0"]
[ICCResult "Black resigns"]
[WhiteElo "1622"]
[BlackElo "1783"]
[Opening "Queen's pawn, Mason variation"]
[ECO "D00"]
[NIC "QP.08"]
[Time "15:03:14"]
[TimeControl "180+0"]

1. d4 d5 2. Bf4 Nf6 3. e3 g6 4. Nd2 Bg7 5. Ngf3 Nh5 6. Bg5 h6 7. Bh4 O-O 8.
Be2 Nf6 9. h3 b6 10. O-O Ba6 11. c4 c5 12. b3 Nc6 13. cxd5 Nxd5 14. Bxa6
Ncb4 15. Bc4 Nc3 16. Qc1 cxd4 17. a3 Nba2 18. Qb2 dxe3 19. Rxa2 Ne2+ 20.
Bxe2 Bxb2 21. Rxb2 exd2 22. Rxd2 Qc7 23. Rfd1 Rfd8 24. Bg3 e5 25. Bc4 Rxd2
26. Rxd2 Re8 27. Rd5 b5 28. Bxb5 Qc1+ 29. Kh2 Rb8 30. a4 e4 31. Bxb8 exf3
32. gxf3 Qb2 33. Bg3 Qxb3 34. Rd8+ Kg7 35. Ra8 Qxf3 36. Rxa7 h5 37. h4 Kf6
38. Be8 Ke6 39. Bxf7+ Kf6 40. Bg8 Qf4 41. Rf7+ Ke6 42. Rxf4+ {Black resigns}
1-0

[Event "ICC Open 2015"]
[Site "Internet Chess Club"]
[Date "2015.05.30"]
[Round "6"]
[White "DANGEROUS-BEAST"]
[Black "reydelmambo"]
[Result "1-0"]
[ICCResult "Black resigns"]
[WhiteElo "2362"]
[BlackElo "1982"]
[Opening "QGA: classical, 8...Bb7"]
[ECO "D20"]
[NIC "QG.03"]
[Time "15:03:43"]
[TimeControl "180+0"]

1. d4 d5 2. c4 dxc4 3. e3 Nf6 4. Bxc4 a6 5. Nf3 b5 6. Bb3 e6 7. O-O Bb7 8.
Qe2 c5 9. dxc5 Bxc5 10. Rd1 Qc7 11. a4 b4 12. Nbd2 O-O 13. Nc4 Nbd7 14. a5
Rad8 15. Bd2 Ne4 16. Be1 Ndf6 17. Rac1 Qe7 18. Nfe5 Nd7 19. f3 Nxe5 20. Nxe5
Nf6 21. Bf2 Nd5 22. g3 f6 23. Nd3 Ba7 24. e4 Bxf2+ 25. Qxf2 Nc7 26. Qb6 Na8
27. Qxb4 Qxb4 28. Bxe6+ Kh8 29. Nxb4 Rb8 30. Nd5 Bxd5 31. exd5 Rxb2 32. d6
Rbb8 33. d7 Rbd8 34. Rc8 g6 35. Rdc1 Kg7 36. Rxd8 Rxd8 37. Rc8 {Black
resigns} 1-0

[Event "ICC Open 2015"]
[Site "Internet Chess Club"]
[Date "2015.05.30"]
[Round "6"]
[White "FedoseevVl95"]
[Black "CrossShark"]
[Result "0-1"]
[ICCResult "White checkmated"]
[WhiteElo "3031"]
[BlackElo "2732"]
[Opening "English: Neo-Catalan declined"]
[ECO "A05"]
[NIC "RE.09"]
[Time "15:02:38"]
[TimeControl "180+0"]

1. Nf3 Nf6 2. g3 e6 3. Bg2 d5 4. O-O Be7 5. c4 O-O 6. b3 c5 7. Bb2 d4 8. e3
Nc6 9. exd4 cxd4 10. d3 Re8 11. Re1 Bb4 12. Nbd2 e5 13. a3 Bc3 14. Bxc3 dxc3
15. Nb1 e4 16. Ng5 Bg4 17. Qc1 exd3 18. Qxc3 Nd4 19. Nd2 Rxe1+ 20. Rxe1 Ne2+
21. Rxe2 dxe2 22. Qe3 Qe8 23. Nge4 Nxe4 24. Bxe4 Rd8 25. f3 Bf5 26. Qxe2
Bxe4 27. fxe4 Qe5 28. Nf3 Qa1+ 29. Kg2 Qxa3 30. Qc2 Qb4 31. e5 h6 32. h4 a5
33. Kh3 Qc5 34. Qf5 Qc8 35. Qxc8 Rxc8 36. Kg4 Kf8 37. Kf4 Rd8 38. Ke4 g6 39.
Nd4 Ke7 40. g4 Rd7 41. h5 Rd8 42. hxg6 fxg6 43. c5 Rc8 44. Kd5 Rd8+ 45. Kc4
h5 46. gxh5 Rxd4+ 47. Kxd4 gxh5 48. Kd5 h4 49. c6 bxc6+ 50. Kxc6 h3 51. Kb6
h2 52. Kxa5 h1=Q 53. b4 Qa8+ 54. Kb5 Ke6 55. Kb6 Qb8+ 56. Ka5 Qa7+ 57. Kb5
Qb7+ 58. Kc5 Kxe5 59. b5 Ke6 60. Kb4 Qb6 61. Ka4 Kd5 62. Kb4 Kd6 63. Ka3 Kc5
64. Ka2 Kxb5 65. Kb1 Qf2 66. Kc1 Qe2 67. Kb1 Qd2 68. Ka1 Kb4 69. Kb1 Kb3 70.
Ka1 Qd1# {White checkmated} 0-1

[Event "ICC Open 2015"]
[Site "Internet Chess Club"]
[Date "2015.05.30"]
[Round "6"]
[White "DropZone"]
[Black "Cinzento"]
[Result "0-1"]
[ICCResult "White checkmated"]
[WhiteElo "2040"]
[BlackElo "1767"]
[Opening "King's Indian: London system"]
[ECO "A48"]
[NIC "QP.03"]
[Time "15:03:48"]
[TimeControl "180+0"]

1. d4 Nf6 2. Nf3 g6 3. Bf4 Bg7 4. e3 O-O 5. h3 d6 6. Be2 Nfd7 7. c4 e5 8.
Bh2 Nc6 9. Nc3 f5 10. dxe5 dxe5 11. Qd5+ Kh8 12. Rd1 Qe7 13. Qd2 Nc5 14. O-O
e4 15. Nd5 Qd8 16. Bxc7 Qd7 17. Nd4 Ne5 18. Nf4 Qxc7 19. b4 g5 20. Nd5 Qf7
21. bxc5 f4 22. Nb5 f3 23. Nd6 Qh5 24. gxf3 exf3 25. Bxf3 Nxf3+ 26. Kg2
Qxh3# {White checkmated} 0-1

[Event "ICC Open 2015"]
[Site "Internet Chess Club"]
[Date "2015.05.30"]
[Round "6"]
[White "PraPad"]
[Black "Palenque"]
[Result "1-0"]
[ICCResult "Black resigns"]
[WhiteElo "1913"]
[BlackElo "1706"]
[Opening "Queen's Pawn"]
[ECO "A54"]
[NIC "QO.17"]
[Time "15:03:33"]
[TimeControl "180+0"]

1. d4 d6 2. Nf3 Nf6 3. c4 Nbd7 4. Nc3 e5 5. dxe5 dxe5 6. Bg5 Be7 7. e3 c6 8.
Be2 O-O 9. O-O h6 10. Bh4 a5 11. a3 Qc7 12. Rc1 Rd8 13. Qc2 Nf8 14. Bg3 N6d7
15. Nd4 g6 16. Rfd1 Kg7 17. Nf3 f5 18. Rd2 Re8 19. Rcd1 f4 20. exf4 exf4 21.
Bh4 g5 22. Bxg5 hxg5 23. Ne4 Ne6 24. Qc3+ Bf6 25. Rxd7+ Bxd7 26. Nxf6 Kh6
27. Rxd7 Qxd7 28. Nxd7 Rad8 29. Nfe5 Nc5 30. Nf7+ {Black resigns} 1-0

[Event "ICC Open 2015"]
[Site "Internet Chess Club"]
[Date "2015.05.30"]
[Round "6"]
[White "Nightlife"]
[Black "obt"]
[Result "1-0"]
[ICCResult "Black resigns"]
[WhiteElo "1730"]
[BlackElo "1959"]
[Opening "Ruy Lopez: classical defense, 4.c3"]
[ECO "C64"]
[NIC "RL.01"]
[Time "15:03:16"]
[TimeControl "180+0"]

1. e4 e5 2. Nf3 Nc6 3. Bb5 Bc5 4. c3 d6 5. d4 exd4 6. cxd4 Bb4+ 7. Nc3 Bd7
8. O-O Bxc3 9. bxc3 h6 10. Qe2 Nge7 11. d5 Ne5 12. Nxe5 dxe5 13. Bxd7+ Qxd7
14. c4 O-O 15. Be3 b6 16. f4 exf4 17. Bxf4 Ng6 18. e5 Rae8 19. Rae1 c6 20.
Qe4 cxd5 21. cxd5 Rd8 22. e6 fxe6 23. Qxg6 Qxd5 24. Bxh6 Qd4+ 25. Kh1 Rxf1+
26. Rxf1 Rf8 27. Rxf8+ Kxf8 28. Qxg7+ Ke8 29. Qxd4 {Black resigns} 1-0

[Event "ICC Open 2015"]
[Site "Internet Chess Club"]
[Date "2015.05.30"]
[Round "6"]
[White "Rinazina46"]
[Black "BehindBluEyes"]
[Result "0-1"]
[ICCResult "White checkmated"]
[WhiteElo "1893"]
[BlackElo "2277"]
[Opening "French: advance, Paulsen attack"]
[ECO "C02"]
[NIC "FR.03"]
[Time "15:04:20"]
[TimeControl "180+0"]

1. e4 e6 2. d4 d5 3. e5 c5 4. c3 Nc6 5. Nf3 cxd4 6. cxd4 f6 7. Nc3 fxe5 8.
Nxe5 Nf6 9. Nxc6 bxc6 10. Bd3 Bd6 11. O-O O-O 12. Bg5 Qe8 13. Rc1 Bd7 14.
Bb1 Rc8 15. Qd3 Qh5 16. f4 c5 17. Rf3 cxd4 18. Ne2 Rxc1+ 19. Nxc1 Ne4 20.
Rh3 Qg6 21. Rh4 h6 22. Bxh6 gxh6 23. Ne2 e5 24. Ng3 exf4 25. Nxe4 dxe4 26.
Qxd4 f3 27. Bxe4 Qxg2# {White checkmated} 0-1

[Event "ICC Open 2015"]
[Site "Internet Chess Club"]
[Date "2015.05.30"]
[Round "6"]
[White "Berke"]
[Black "JRussell2"]
[Result "1-0"]
[ICCResult "Black resigns"]
[WhiteElo "1500"]
[BlackElo "1273"]
[Opening "Sicilian: Grand Prix attack"]
[ECO "B23"]
[NIC "SI.44"]
[Time "15:04:12"]
[TimeControl "180+0"]

1. e4 c5 2. Nc3 Nc6 3. f4 d6 4. Bb5 Bd7 5. Bxc6 Bxc6 6. Nf3 Nf6 7. d3 e5 8.
O-O Be7 9. f5 O-O 10. Qe1 d5 11. Qg3 d4 12. Ne2 Bd6 13. Bg5 h6 14. Bd2 Kh8
15. Qh3 Kg8 16. Ng3 Bd7 17. Bxh6 Re8 18. Bg5 Bf8 19. Qh4 b5 20. Nh5 Be7 21.
Bxf6 Bxf6 22. Qh3 g6 23. Qg3 Kh7 24. fxg6+ fxg6 25. Nxf6+ Qxf6 26. Ng5+ Qxg5
27. Qxg5 {Black resigns} 1-0

[Event "ICC Open 2015"]
[Site "Internet Chess Club"]
[Date "2015.05.30"]
[Round "6"]
[White "JCarllsen"]
[Black "OptimusMagister"]
[Result "0-1"]
[ICCResult "White forfeits on time"]
[WhiteElo "1879"]
[BlackElo "2278"]
[Opening "French: Tarrasch, Guimard main line"]
[ECO "C04"]
[NIC "FR.15"]
[Time "15:02:57"]
[TimeControl "180+0"]

1. e4 e6 2. d4 d5 3. Nd2 Nc6 4. Ngf3 Nf6 5. e5 Nd7 6. Bd3 Nb4 7. Be2 c5 8.
c3 Nc6 9. Bd3 cxd4 10. cxd4 f6 11. exf6 Nxf6 12. O-O Bd6 13. Nb3 O-O 14. Re1
Qc7 15. Bd2 Ng4 16. Bxh7+ Kh8 17. Ne5 Nf6 18. Bd3 Nxe5 19. dxe5 Bxe5 20. Qf3
Bxh2+ 21. Kh1 Bd6 22. Qh3+ Kg8 23. Rac1 Qf7 24. Bg5 e5 25. Rxc8 Raxc8 26.
Bxf6 e4 27. Bxe4 dxe4 28. Rxe4 Qxf6 29. Rh4 Qxh4 30. Qxh4 Be5
{White forfeits on time}
0-1

[Event "ICC Open 2015"]
[Site "Internet Chess Club"]
[Date "2015.05.30"]
[Round "6"]
[White "BoardLord"]
[Black "Doondoon"]
[Result "1-0"]
[ICCResult "Black resigns"]
[WhiteElo "2235"]
[BlackElo "1784"]
[Opening "Sicilian defense"]
[ECO "B27"]
[NIC "SI.43"]
[Time "15:03:28"]
[TimeControl "180+0"]

1. e4 c5 2. Nf3 f5 3. exf5 Nf6 4. d4 d5 5. dxc5 Bxf5 6. Bd3 Bg4 7. Bf4 e6 8.
O-O Bxc5 9. h3 Bh5 10. Qe1 Qe7 11. Ng5 Bf7 12. Be5 Nc6 13. Bxf6 Qxf6 14.
Nxh7 Qh6 15. b4 Bb6 16. b5 Ne7 17. Qe5 Rc8 18. Ng5 Bc7 19. Qe3 Bb6 20. Nxf7
Bxe3 21. Nxh6 Bxh6 22. a4 Kf7 23. f4 g6 24. Nd2 Bg7 25. Rad1 Rhe8 26. Nf3
Nf5 27. Rfe1 Bc3 28. Re2 Nd4 29. Nxd4 Bxd4+ 30. Kf1 Rc7 31. Bxg6+ Kxg6 32.
Rxd4 Kf7 33. c4 Rxc4 34. Rxc4 dxc4 35. Rc2 Rc8 36. g4 Kf6 37. Ke2 Rc5 38.
Ke3 Rc7 39. Kd4 {Black resigns} 1-0

[Event "ICC Open 2015"]
[Site "Internet Chess Club"]
[Date "2015.05.30"]
[Round "6"]
[White "BlueJ"]
[Black "PCC"]
[Result "0-1"]
[ICCResult "White forfeits on time"]
[WhiteElo "2169"]
[BlackElo "2099"]
[Opening "Nimzo-Indian: Reshevsky variation"]
[ECO "E46"]
[NIC "NI.10"]
[Time "15:03:11"]
[TimeControl "180+0"]

1. d4 Nf6 2. c4 e6 3. Nc3 Bb4 4. e3 O-O 5. Ne2 Re8 6. a3 Bf8 7. Ng3 d5 8.
Be2 dxc4 9. O-O c5 10. dxc5 Bxc5 11. Bxc4 a6 12. Qe2 b5 13. Bd3 Bb7 14. Bd2
Nbd7 15. e4 Ne5 16. Bc2 Qb6 17. Bg5 Nfd7 18. Kh1 h6 19. Bd2 Nc4 20. Bc1 Bd4
21. Nh5 Nf6 22. Bd3 Nxh5 23. Qxh5 Qc5 24. Qh3 Ne5 25. Bb1 Bxc3 26. bxc3 Qc4
27. Re1 Rad8 28. Bxh6 gxh6 29. Qxh6 Qxc3 30. Ba2 Ng6 31. e5 Qc6 32. Rg1 Rd2
33. Rac1 Qd7 34. Bb1 Rd3 35. Bxd3 Qxd3 36. Rc7 Be4 {White forfeits on time}
0-1

[Event "ICC Open 2015"]
[Site "Internet Chess Club"]
[Date "2015.05.30"]
[Round "6"]
[White "PajoPatak"]
[Black "Lzmann"]
[Result "1-0"]
[ICCResult "Black resigns"]
[WhiteElo "1633"]
[BlackElo "1786"]
[Opening "French: advance, Euwe variation"]
[ECO "C02"]
[NIC "FR.03"]
[Time "15:03:22"]
[TimeControl "180+0"]

1. e4 e6 2. d4 d5 3. e5 c5 4. c3 Nc6 5. Nf3 Bd7 6. Na3 Nh6 7. Nc2 cxd4 8.
cxd4 Nf5 9. Bd3 Be7 10. O-O O-O 11. a3 f6 12. Re1 fxe5 13. dxe5 a6 14. Bxf5
Rxf5 15. Ncd4 Nxd4 16. Nxd4 Rf7 17. b4 Qf8 18. f3 Rc8 19. Be3 Qd8 20. Rc1
Bg5 21. Rxc8 Bxe3+ 22. Rxe3 Qxc8 23. Qd2 Rf4 24. Rc3 Bc6 25. Qxf4 Qd7 26.
Qg5 h6 27. Qg6 Bb5 28. Qxe6+ Qxe6 29. Nxe6 Kf7 30. Nd4 Bc4 31. Kf2 b5 32.
Ke3 g5 33. h4 gxh4 34. Rc1 h5 35. Rh1 Kg6 36. Rxh4 Kg5 37. Rf4 Bf1 38. Rf5+
Kg6 39. g4 hxg4 40. fxg4 Bh3 41. Rf6+ Kg5 42. Nf3+ Kxg4 43. Rf4+ Kh5 44.
Rh4+ Kg6 45. Rxh3 Kf5 46. Kd4 Ke6 47. Rh6+ Kf5 48. e6 Kf4 49. e7 Kxf3 50.
e8=Q Kg4 51. Rf6 Kg5 52. Qg6+ Kh4 53. Rf7 {Black resigns} 1-0

[Event "ICC Open 2015"]
[Site "Internet Chess Club"]
[Date "2015.05.30"]
[Round "6"]
[White "safadi100"]
[Black "fredericton"]
[Result "1-0"]
[ICCResult "Black forfeits on time"]
[WhiteElo "1898"]
[BlackElo "1775"]
[Opening "Four knights: Scotch, 4...exd4"]
[ECO "C47"]
[NIC "SO.03"]
[Time "15:03:11"]
[TimeControl "180+0"]

1. e4 e5 2. Nf3 Nc6 3. Nc3 Nf6 4. d4 exd4 5. Nxd4 Bb4 6. Nxc6 bxc6 7. Bd3
O-O 8. O-O d5 9. exd5 cxd5 10. Bg5 Be7 11. Re1 Be6 12. Na4 Qd6 13. c3 Rab8
14. Bc2 Rfe8 15. Qd3 g6 16. Qd4 c5 17. Nxc5 Qxc5 18. Bxf6 Qxd4 19. Bxd4 Rxb2
20. Ba4 Rc8 21. Bb3 Bc5 22. Rab1 Rxb1 23. Rxb1 Bxd4 24. cxd4 Bf5 25. Re1 Be6
26. h3 Kg7 27. Re5 Rd8 28. g4 Kf6 29. f4 h6 30. g5+ hxg5 31. fxg5+ Kg7 32.
Kh2 Rh8 33. Re3 Rh4 34. Rd3 Rf4 35. Kg3 Rf1 36. Re3 Rg1+ 37. Kh2 Rf1 38. Re5
Rf4 39. Bxd5 Rxd4 40. Bxe6 fxe6 41. Rxe6 Rd2+ 42. Kg3 Rxa2 43. Re7+ Kf8 44.
Rb7 Ra4 45. Kf3 a5 46. Ra7 Ke8 47. Ke3 Ra3+ 48. Kd4 Rxh3 49. Rxa5 Rg3 50.
Ke4 Ke7 51. Kf4 Rg1 52. Ra7+ Ke6 53. Ra6+ {Black forfeits on time} 1-0

[Event "ICC Open 2015"]
[Site "Internet Chess Club"]
[Date "2015.05.30"]
[Round "6"]
[White "a-rubinstein"]
[Black "Kempka"]
[Result "0-1"]
[ICCResult "White forfeits on time"]
[WhiteElo "2139"]
[BlackElo "2723"]
[Opening "King's Indian: Averbakh system"]
[ECO "E73"]
[NIC "KI.26"]
[Time "15:03:09"]
[TimeControl "180+0"]

1. d4 Nf6 2. c4 g6 3. Nc3 Bg7 4. e4 O-O 5. Be2 d6 6. Bg5 Na6 7. Qd2 c5 8. d5
e6 9. dxe6 Bxe6 10. Nf3 Re8 11. O-O Qb6 12. h3 Nb4 13. Rfd1 Nc6 14. Rab1 Nd7
15. Qxd6 Nd4 16. Qxb6 Nxe2+ 17. Nxe2 axb6 18. a3 Bxc4 19. Rxd7 Bxe2 20. Rxb7
Bd3 21. Rd1 Bxe4 22. Rxb6 Rab8 23. Rxb8 Rxb8 24. Nd2 Bc2 25. Rc1 Rxb2 26.
Nc4 Rb1 27. Rxb1 Bxb1 28. Be7 Ba2 29. Nd6 c4 30. Ne4 c3 31. Bg5 c2 32. Bc1
Bc4 33. Nd6 Bd3 34. a4 Be5 35. Nb7 Bd4 36. a5 f5 37. Nd8 Bc4 38. g3 Kf8 39.
Nc6 Bc5 {White forfeits on time} 0-1

[Event "ICC Open 2015"]
[Site "Internet Chess Club"]
[Date "2015.05.30"]
[Round "6"]
[White "smoothg"]
[Black "Chiraakk"]
[Result "1-0"]
[ICCResult "Black forfeits on time"]
[WhiteElo "1840"]
[BlackElo "1599"]
[Opening "French: advance variation"]
[ECO "C02"]
[NIC "FR.03"]
[Time "15:03:09"]
[TimeControl "180+0"]

1. e4 e6 2. d4 d5 3. e5 Nc6 4. c3 Qd7 5. Nf3 b6 6. Bd3 Bb7 7. O-O O-O-O 8.
a4 h5 9. Ng5 f6 10. exf6 gxf6 11. Nf3 e5 12. Bb5 Bg7 13. dxe5 fxe5 14. Qe2
Qd6 15. g3 Nge7 16. Nh4 Kb8 17. Be3 Rhg8 18. Rd1 Rdf8 19. Qxh5 Rh8 20. Qg4
Rfg8 21. Nf5 Nxf5 22. Qxf5 d4 23. cxd4 Nxd4 24. Bxd4 exd4 25. f3 Be5 26. g4
Bxh2+ 27. Kf1 Qg3 28. Ke2 Bxf3+ 29. Kd3 Re8 30. Kc4 Re3 31. Ra3 Qd6 32. Qg5
Qc5+ 33. Qxc5 {Black forfeits on time} 1-0

[Event "ICC Open 2015"]
[Site "Internet Chess Club"]
[Date "2015.05.30"]
[Round "6"]
[White "Mardaker"]
[Black "Federicov"]
[Result "0-1"]
[ICCResult "White resigns"]
[WhiteElo "2723"]
[BlackElo "3082"]
[Opening "English opening"]
[ECO "A05"]
[NIC "QP.11"]
[Time "15:04:43"]
[TimeControl "180+0"]

1. Nf3 Nf6 2. c4 g6 3. Nc3 Bg7 4. g3 d6 5. Bg2 O-O 6. O-O Nc6 7. Rb1 a5 8.
a3 e5 9. d3 h6 10. b4 axb4 11. axb4 Be6 12. b5 Ne7 13. Nd2 Qc8 14. Bb2 c6
15. Qb3 h5 16. Nde4 Nf5 17. Nxf6+ Bxf6 18. Ne4 Be7 19. Rfc1 cxb5 20. Qxb5
Bd7 21. Qb3 Bc6 22. Bc3 h4 23. c5 hxg3 24. hxg3 d5 25. Nd6 Nxd6 26. cxd6
Bxd6 27. Bxd5 Qg4 28. Bxc6 bxc6 29. Qc4 Qxe2 30. Qxc6 Ra2 31. Rf1 Qxd3 32.
Rbd1 Ra6 33. Qb7 Qc4 34. Rc1 Qc6 35. Qb2 Ba3 36. Qd2 Bxc1 37. Rxc1 Qe6 38.
Re1 f6 39. Qh6 Qf7 40. f4 Ra2 41. Rf1 Qa7+ 42. Kh1 Qb7+ {White resigns} 0-1

[Event "ICC Open 2015"]
[Site "Internet Chess Club"]
[Date "2015.05.30"]
[Round "6"]
[White "yummy2"]
[Black "Andrei21"]
[Result "1-0"]
[ICCResult "Black resigns"]
[WhiteElo "2719"]
[BlackElo "2875"]
[Opening "Robatsch defense"]
[ECO "B06"]
[NIC "KF.05"]
[Time "15:03:16"]
[TimeControl "180+0"]

1. e4 g6 2. d4 Bg7 3. Nc3 c6 4. h3 d5 5. Nf3 Nh6 6. Bd3 f6 7. O-O O-O 8. Qe2
Nf7 9. b3 e5 10. Bb2 exd4 11. Nxd4 f5 12. e5 Nxe5 13. f4 Nxd3 14. Qxd3 Nd7
15. Na4 Nf6 16. Nf3 Ne4 17. Bxg7 Kxg7 18. Qd4+ Qf6 19. Ne5 Be6 20. Rae1 Kg8
21. Kh2 Bf7 22. Qb4 b5 23. Nd7 Qd8 24. Qxf8+ Qxf8 25. Nxf8 Rxf8 26. Nb2 a5
27. a4 b4 28. Nd3 Rc8 29. Nf2 Be6 30. g4 Kf7 31. Rd1 Nxf2 32. Rxf2 fxg4 33.
hxg4 Bxg4 34. Re1 Bf5 35. Kg3 Be4 36. Re3 c5 37. c3 Ke6 38. c4 Kf6 39. cxd5
Bxd5 40. Rd2 Rd8 41. Re5 Bxb3 42. Rxd8 c4 43. Rxa5 c3 44. Rc5 Bxa4 45. Rb8
c2 46. Rxb4 Bd7 47. Rxc2 Bf5 48. Rd2 Ke6 49. Rb6+ Ke7 50. Ra2 h6 51. Ra7+
{Black resigns}
1-0

[Event "ICC Open 2015"]
[Site "Internet Chess Club"]
[Date "2015.05.30"]
[Round "6"]
[White "EbbeK"]
[Black "jewels2"]
[Result "1-0"]
[ICCResult "Black forfeits on time"]
[WhiteElo "1515"]
[BlackElo "1318"]
[Opening "Two knights defense"]
[ECO "C55"]
[NIC "IG.01"]
[Time "15:03:16"]
[TimeControl "180+0"]

1. e4 e5 2. Nf3 Nc6 3. Bc4 Nf6 4. O-O Nxe4 5. Nc3 Nxc3 6. dxc3 Bc5 7. Qd5
Qe7 8. Bg5 f6 9. Bh4 d6 10. Rfe1 a6 11. a3 Nd8 12. Qd2 Be6 13. Bd3 Nf7 14.
b4 Bb6 15. c4 g5 16. Bg3 h5 17. h3 g4 18. hxg4 hxg4 19. Nh4 Ng5 20. Ng6 Qh7
21. Nxh8 Qxh8 22. Bg6+ Kd7 23. c5 Ba7 24. Rad1 Qf8 25. Bxe5 fxe5 26. Qxg5
Rd8 27. Qxe5 Kc8 28. Qxe6+ Kb8 29. Be4 Re8 30. Qd5 Rxe4 31. Qxe4
{Black forfeits on time}
1-0

[Event "ICC Open 2015"]
[Site "Internet Chess Club"]
[Date "2015.05.30"]
[Round "6"]
[White "regenmaker"]
[Black "Mormegil"]
[Result "1-0"]
[ICCResult "Black forfeits on time"]
[WhiteElo "1861"]
[BlackElo "1678"]
[Opening "Queen's pawn game, Darooha variation "]
[ECO "D02"]
[NIC "QP.08"]
[Time "15:02:37"]
[TimeControl "180+0"]

1. d4 d5 2. Nf3 Nf6 3. g3 c6 4. Bg2 Bg4 5. O-O e6 6. c4 Bd6 7. Nc3 O-O 8.
Bg5 h6 9. Bxf6 Qxf6 10. Qb3 Qe7 11. e4 dxc4 12. Qxc4 Nd7 13. Qb3 Nb6 14. a4
Qc7 15. a5 Nd7 16. d5 exd5 17. exd5 c5 18. Nb5 Qb8 19. Nxd6 Qxd6 20. Qxb7
Rfb8 21. Qc6 Qe7 22. d6 Qf6 23. Nd2 Ne5 24. Ne4 Qf5 25. Qxc5 Nf3+ 26. Kh1
Qxe4 27. d7 Rd8 28. Rad1 Qe6 29. Qc3 Qf6 30. Qxf6 gxf6 31. Rd3 Ne5 32. Rd4
Nxd7 33. Bxa8 Rxa8 34. Rxg4+ Kh7 35. Rd1 Ne5 36. Re4 Rd8 37. Rxd8 Nf3 38.
Rd7 Kg6 39. Ree7 Ne5 40. Rxf7 Nxd7 41. Rxd7 Kf5 42. Rxa7 Ke4 43. a6 Kf3 44.
Rb7 Kxf2 45. a7 Kf1 46. a8=Q Kf2 47. Qa4 {Black forfeits on time} 1-0